AoeStats
← Halogenlampen

Arena

508944714Analyzed
4v4 RM · 7d ago on Sep 24, 2026· 45m 7s· 8 players
Game mode
Random Map
Map size
Large (8 player)
Population
200
Speed
Normal
Resources
Standard
Victory
Conquest
Starting age
Dark Age
Ending age
Imperial Age
RankedLock teamsTeams togetherTeam positionsShared explorationLock speedFull tech treeHidden civsTurbo modeCheats
Victory
Defeat
🇮🇶 Cumans · Iraq
1248
+15
🇩🇪 Hindustanis · Germany
1244
+15
🇲🇽 Britons · Mexico
1214
+17
🇲🇽 Lithuanians · Mexico
1210
+17
🇩🇪 Danes · Germany
1357
-20
🇩🇪 Spanish · Germany
1334
-20
🇩🇪 Cumans · Germany
1242
-17
🇩🇪 Maya · Germany
979
-26
MXTS | Robert Blond
10:58 Feudal Age
15:11 Castle Age
15:33 Scale Barding Armor
15:45 Bloodlines
16:56 Forging
23:52 Chain Barding Armor
24:08 Iron Casting
27:01 Husbandry
27:47 Double-Bit Axe
29:39 Horse Collar
30:38 Wheelbarrow
37:08 Imperial Age
37:55 Hand Cart
37:52 Bow Saw
37:44 Heavy Plow
38:38 Plate Barding Armor
37:29 Cavalier
38:58 Fletching
39:32 Ballistics
40:12 Chemistry
40:34 Bodkin Arrow
42:12 Conscription
42:12 Fortified Wall
44:12 Bracer
44:13 Padded Archer Armor
44:14 Scale Mail Armor
45:15 Town Watch
RMXs | Arobledoz
10:09 Feudal Age
16:24 Castle Age
15:05 Double-Bit Axe
15:13 Gold Mining
21:33 Gold Shaft Mining
21:53 Town Watch
22:18 Stone Mining
24:53 Horse Collar
29:05 Imperial Age
27:03 Fletching
27:52 Wheelbarrow
28:11 Bow Saw
28:18 Heavy Plow
29:10 Bodkin Arrow
29:29 Fortified Wall
30:01 Heated Shot
31:04 Padded Archer Armor
31:33 Ballistics
31:14 Crossbowman
32:53 Leather Archer Armor
33:52 Town Patrol
34:07 Hand Cart
34:00 Arbalester
36:54 Chemistry
35:58 Bracer
39:05 Ring Archer Armor
39:07 Yeomen
44:04 Two-Man Saw
44:50 Siege Engineers
szedler
10:52 Feudal Age
15:01 Castle Age
13:46 Horse Collar
14:09 Double-Bit Axe
17:35 Bow Saw
18:33 Loom
20:58 Wheelbarrow
21:45 Heavy Plow
23:21 Scale Barding Armor
23:26 Forging
23:40 Hand Cart
24:46 Chain Barding Armor
25:25 Gold Mining
26:33 Husbandry
27:38 Iron Casting
29:11 Gold Shaft Mining
32:10 Imperial Age
30:09 Bloodlines
32:18 Heavy Camel Rider
33:36 Plate Barding Armor
34:01 Blast Furnace
34:40 Chemistry
34:08 Imperial Camel Rider
38:05 Town Watch
39:25 Two-Man Saw
38:52 Elite Ghulam
39:39 Scale Mail Armor
40:18 Grand Trunk Road
41:09 Stone Mining
43:53 Fortified Wall
44:02 Chain Mail Armor
ahmady sulaymani
5:18 Loom
9:03 Feudal Age
10:44 Double-Bit Axe
12:53 Horse Collar
35:08 Castle Age
34:17 Wheelbarrow
33:36 Stone Mining
37:32 Hand Cart
38:55 Bow Saw
39:27 Heavy Plow
39:20 Fletching
39:59 Fletching
40:21 Thumb Ring
40:34 Gold Mining
41:25 Bloodlines
42:02 Bodkin Arrow
42:32 Ballistics
42:27 Padded Archer Armor
46:45 Imperial Age
45:59 Leather Archer Armor
Dj Paddy
7:30 Loom
9:24 Feudal Age
11:16 Double-Bit Axe
25:27 Castle Age
23:51 Horse Collar
24:05 Gold Mining
26:51 Wheelbarrow
26:13 Fletching
26:23 Padded Archer Armor
27:11 Bodkin Arrow
29:00 Ballistics
29:41 Thumb Ring
31:07 Leather Archer Armor
31:05 Bloodlines
32:36 Gold Shaft Mining
31:57 Capped Ram
41:03 Imperial Age
38:49 Hand Cart
40:02 Forging
39:53 Scale Mail Armor
41:43 Iron Casting
41:04 Pikeman
41:45 Squires
42:22 Parthian Tactics
43:00 Chemistry
Bruderachim
11:02 Feudal Age
11:03 Man-at-Arms
12:13 Double-Bit Axe
13:57 Scale Mail Armor
16:51 Forging
17:18 Loom
21:12 Horse Collar
24:21 Stone Mining
26:38 Castle Age
24:43 Fletching
26:39 Wheelbarrow
28:15 Squires
28:02 Gambesons
28:45 Chain Mail Armor
28:35 Gold Mining
31:07 Town Watch
32:27 Gold Shaft Mining
33:02 Bow Saw
33:16 Arson
38:28 Iron Casting
38:25 Heavy Plow
MergaTorbi
10:48 Feudal Age
11:56 Double-Bit Axe
14:38 Castle Age
19:49 Loom
22:17 Horse Collar
26:01 Town Watch
26:52 Wheelbarrow
27:44 Bloodlines
28:40 Bow Saw
34:01 Imperial Age
31:45 Pikeman
32:26 Squires
33:59 Heavy Plow
34:08 Scale Barding Armor
34:15 Forging
34:06 Scale Mail Armor
34:07 Cavalier
35:41 Chain Barding Armor
35:34 Husbandry
36:15 Capped Ram
37:38 Iron Casting
41:08 Hand Cart
41:58 Two-Man Saw
41:24 Chain Mail Armor
41:14 Halberdier
Halogenlampen
8:48 Loom
12:10 Feudal Age
12:40 Horse Collar
12:49 Double-Bit Axe
13:51 Wheelbarrow
22:39 Castle Age
21:47 Fletching
21:58 Padded Archer Armor
22:09 Gold Mining
22:12 Stone Mining
23:24 Heavy Plow
23:09 Crossbowman
25:15 Leather Archer Armor
26:10 Bodkin Arrow
27:33 Ballistics
27:31 Treadmill Crane
35:47 Imperial Age
35:54 Elite Plumed Archer
35:59 Arbalester
44:29 Bracer
45:00 Ring Archer Armor
Connection lost

Rejoining the realm…

Still unreachable

The connection could not be restored.

Session expired

The server has moved on; the page needs a fresh start.